 Dungeon Crawl Stone Soup version 0.30-a0-800-g7c544603b3 (webtiles) character file.

Game seed: 16112983286819028262

3307 Juicyj the Digger (level 10, -4/58 HPs)
             Began as a Gargoyle Earth Elementalist on Feb 21, 2023.
             Was an Initiate of Ashenzari.
             Slain by a yak (8 damage)
             ... on level 8 of the Dungeon.
             The game lasted 00:28:25 (10007 turns).

Juicyj the Digger (Gargoyle Earth Elementalist)    Turns: 10007, Time: 00:28:26

Health: -4/58      AC: 12    Str: 14      XL:     10   Next: 1%
Magic:  8/25       EV: 14    Int: 16 (18) God:    Ashenzari [......]
Gold:   533        SH:  0    Dex: 15 (16) Spells: 4/19 levels left

rFire   . . .      SeeInvis +    u - +5 short sword of Action {protect, rPois rC+ SInv}
rCold   + . .      Faith    +    (no shield)
rNeg    + + .      Spirit   .    a - +1 robe
rPois   ∞          Reflect  .    (no helmet)
rElec   +          Harm     .    v - +1 cloak
rCorr   .          Rampage  .    (no gloves)
Will    .....                    (no boots)
Stlth   +++                      n
                                   - Hermit's Pendant {Faith Invo=14 Evo=0 MP+5}
HPRegen 0.29/turn                e - ring of positive energy
MPRegen 0.19/turn                h - +6 ring of dexterity

@: very slightly contaminated
A: sickness immunity, AC +7, negative energy resistance 1, electricity
resistance, torment resistance 1, petrification resistance
a: Renounce Religion


You were on level 8 of the Dungeon.
You worshipped Ashenzari.
Ashenzari was noncommittal.
You visited 2 branches of the dungeon, and saw 10 of its levels.

You collected 533 gold pieces.

Inventory:

Hand Weapons
 d - a +3 short sword of draining
 g - a +0 hand axe of venom
 u - the +5 short sword of Action (weapon) {protect, rPois rC+ SInv}
   (You found it on level 5 of the Dungeon)

   rC:        It protects you from cold.
   rPois:     It protects you from poison.
   SInv:      It lets you see invisible.
Missiles
 w - 2 throwing nets
Armour
 a - a +1 robe (worn)
 v - a +1 cloak (worn)
Magical Staves
 s - a staff of earth
Jewellery
 e - a ring of positive energy (left hand)
 h - a +6 ring of dexterity (right hand)
 n - the Hermit's Pendant (around neck) {Faith Invo=14 Evo=0 MP+5}
   (You found it on level 4 of the Dungeon)

   [amulet of faith]

   Invo=14: It sets your Invocations skill to 14.
   Evo=0: It sets your Evocations skill to 0.
   It allows you to gain divine favour quickly.
   MP:        It affects your magic capacity (+5).
 r - a +6 ring of strength
 C - a +6 ring of strength
Wands
 c - a wand of mindburst (4)
 y - a wand of paralysis (28)
Scrolls
 i - 2 scrolls of fear
 k - 3 scrolls of magic mapping
 l - a scroll of enchant armour
 t - a scroll of poison
 x - a scroll of blinking {unknown}
 z - 3 scrolls of fog
Potions
 b - 2 potions of magic
 f - a potion of heal wounds
 j - 3 potions of flight
 m - a potion of berserk rage
 o - 5 potions of curing
 q - a potion of might
 A - 2 potions of degeneration


   Skills:
 - Level 4.6 Fighting
 - Level 0.5 Axes
 + Level 4.5 Dodging
 - Level 5.5 Stealth
 + Level 5.1 Spellcasting
 * Level 3.8 Conjurations
 * Level 3.1 Hexes
 - Level 0.6 Translocations
 - Level 3.7 Transmutations
 * Level 3.8 Fire Magic
 + Level 7.3 Earth Magic


You had 4 spell levels left.
You knew the following spells:

 Your Spells              Type           Power      Damage    Failure   Level
a - Sandblast             Erth           54%        2d13      1%          1
b - Passwall              Tmut/Erth      17%        N/A       2%          2
c - Stone Arrow           Conj/Erth      44%        3d9       4%          3
d - Petrify               Tmut/Erth      21%        N/A       16%         4
e - Blink                 Tloc           12%        N/A       17%         2
f - Kindle Blastsparks    Fire/Tloc/Air  16%        2d11      24%         3

Your spell library contained the following spells:

 Spells                   Type           Power      Damage    Failure   Level
 Momentum Strike          Conj/Tloc      22%        3d8       9%          2
 Lesser Beckoning         Tloc           12%        N/A       17%         2
 Fulminant Prism          Conj/Hex       7%         3d7       34%         4
 Iskenderun's Mystic Bla  Conj/Tloc      11%        2d4       52%         4
 Lee's Rapid Deconstruct  Erth           13%        3d9*      21%         5
 Chain Lightning          Conj/Air       5%         3d6       100%        9
 Fire Storm               Conj/Fire      8%         8d2       100%        9
 Shatter                  Erth           13%        3d14*     100%        9


Dungeon Overview and Level Annotations

Branches:
Dungeon (9/15)             Temple (1/1) D:7
   Lair: D:8-11         Orc: D:9-12

Altars:
Ashenzari
Cheibriados
Dithmenos
Elyvilon
Fedhas
Gozag
Kikubaaqudgha
Makhleb
Nemelex Xobeh
Qazlal
Ru
Trog
Wu Jian
Xom
Yredelemnul
Zin
The Shining One

Shops:
D:6 ?   D:8 (

Annotations:
D:5 3 runed translucent doors, themarg's ghost, novice DsFE
D:8 Amaemon


Innate Abilities, Weirdness & Mutations

You are immune to sickness and miasma.
Your stone body is resilient. (AC +7)
You are immune to poison.
You resist negative energy. (rN+)
You are resistant to electric shocks. (rElec)
You are resistant to unholy torment.
You are immune to petrification.


Message History

* * * LOW HITPOINT WARNING * * *
The yak gores you!
* * * LOW HITPOINT WARNING * * *
The yak attacks as you move away! The yak closely misses you.
The yak attacks as you move away! The yak gores you but does no damage.
The yak attacks as you move away! The yak barely misses you.
The yak attacks as you move away! The yak gores you.
* * * LOW HITPOINT WARNING * * *
Aiming: Fastroot
Press: ? - help, Q - select action, (/) - cycle Shift-Dir - straight line, f/p - yak
Aim: a yak (heavily wounded)
The roots erupt in riotous growth!
Roots grab the yak.
Roots grab the yak.
The now-empty wand crumbles to dust.
The grasping roots constrict the yak. x2
You hear a shout! x2
The yak gores you but does no damage.
The grasping roots constrict the yak. x2
The roots release their grip on the yak.
The yak struggles to escape constriction.
The grasping roots constrict the yak.
The roots release their grip on the yak.
Casting: Sandblast (safe; 1% risk of failure)
Confirm with . or Enter, or press ? or * to list all spells.
Aiming: Stone Arrow (dangerous; 4% risk of failure)
Press: ? - help, Shift-Dir - straight line, f/p - yak
Aim: a yak (heavily wounded, 83% to hit)
The stone arrow hits the yak!
The yak is almost dead.
Casting: Stone Arrow (dangerous; 4% risk of failure)
Confirm with . or Enter, or press ? or * to list all spells.
Aiming: Stone Arrow (dangerous; 4% risk of failure)
Press: ? - help, Shift-Dir - straight line, f - yak, p - yak
Aim: a yak (almost dead, 83% to hit)
You miscast Stone Arrow.
You are very lightly contaminated with residual magic.
Nothing appears to happen.
The yak closely misses you. The yak attacks as you move away!
The yak gores you!
You die...

##........#
#......#### #.†..###
###### ##..#..##
####.....#
#..###..###........#
##..#
###YY.........#
#..## ##...........#
##..#
###............#
#..##
#.....YY@......#
##..#
#.............##
#..##
#.............# #.##
##...........## #..
#...........# ..#
##.......###.. ..
##....### #.. ..
###### #. .. ##


You could see 4 yaks.

Vanquished Creatures
  Maurice (D:8)
  A hornet (D:7)
  A yak (D:8)
  A steam dragon (D:8)
  Edmund (D:4)
  An orc warrior (D:7)
  An ice beast (D:7)
  3 black bears
  An ogre (D:5)
  3 centaurs
  A phantom (D:6)
  2 kobold brigands
  A gnoll sergeant (D:7)
  3 scorpions
  3 wights (D:9)
  2 jellies
  4 hounds
  A gnoll bouda (D:6)
  4 orc priests
  10 iguanas
  4 orc wizards
  5 adders
  9 gnolls
  2 shadow imps
  4 white imps
  2 ufetubi
  4 worms
  A dart slug (D:2)
  18 orcs
  6 bats
  7 endoplasms
  3 giant cockroaches
  6 goblins
  5 hobgoblins
  5 jackals (D:2)
  13 kobolds
  5 quokkas
  10 ball pythons
  6 frilled lizards
  7 rats
167 creatures vanquished.

Vanquished Creatures (others)
  An orc wizard (D:6)
1 creature vanquished.

Grand Total: 168 creatures vanquished

Notes
Turn   | Place    | Note
-------+----------+-------------------------------------------
     0 | D:1      | Juicyj the Gargoyle Earth Elementalist began the quest for
                  | the Orb.
     0 | D:1      | Reached XP level 1. HP: 10/10 MP: 3/3
   171 | D:1      | Reached skill level 1 in Transmutations
   171 | D:1      | Reached XP level 2. HP: 15/15 MP: 3/5
   174 | D:1      | Learned a level 2 spell: Passwall
   654 | D:1      | Reached XP level 3. HP: 14/19 MP: 0/6
   852 | D:2      | Reached skill level 4 in Earth Magic
   856 | D:2      | Learned a level 3 spell: Stone Arrow
  1164 | D:2      | Reached XP level 4. HP: 24/24 MP: 1/7
  1367 | D:2      | You fall into a shaft and drop 1 floor!
  1589 | D:3      | Found a glowing golden altar of the Shining One.
  1589 | D:3      | Found a shadowy altar of Dithmenos.
  1634 | D:3      | Found a faded altar of an unknown god.
  1648 | D:3      | Reached skill level 1 in Fighting
  2010 | D:3      | Noticed a kobold brigand
  2017 | D:3      | Killed a kobold brigand
  2018 | D:3      | Reached XP level 5. HP: 16/29 MP: 3/9
  2089 | D:3      | Found a bloodstained altar of Trog.
  2330 | D:4      | Found a sacrificial altar of Ru.
  2737 | D:4      | Found the Hermit's Pendant {Faith Invo=14 Evo=0 MP+5}
  2884 | D:4      | Reached XP level 6. HP: 28/35 MP: 4/10
  3097 | D:4      | Noticed a black bear
  3103 | D:4      | Killed a black bear
  3427 | D:4      | Reached skill level 5 in Earth Magic
  3597 | D:5      | Entered Level 5 of the Dungeon
  3598 | D:5      | Noticed a black bear
  3600 | D:5      | Noticed Edmund
  3604 | D:5      | Killed a black bear
  3605 | D:5      | Reached XP level 7. HP: 31/40 MP: 5/11
  3698 | D:4      | HP: 2/40 [constriction (5)]
  3704 | D:4      | Killed Edmund
  4264 | D:5      | Found a runed translucent gate.
  4264 | D:5      | Found a runed translucent gate.
  4264 | D:5      | Found a runed translucent gate.
  4265 | D:5      | Noticed themarg's ghost (novice DsFE)
  4548 | D:5      | Reached XP level 8. HP: 27/46 MP: 18/18
  4769 | D:5      | Reached skill level 5 in Stealth
  4769 | D:5      | Reached skill level 6 in Earth Magic
  4899 | D:5      | Identified a scroll of acquirement
  4899 | D:5      | Acquired a staff of earth
  5259 | D:5      | Identified the +5 short sword of Action {protect, rPois rC+
                  | SInv}
  5537 | D:5      | Learned a level 4 spell: Petrify
  5540 | D:5      | Learned a level 2 spell: Blink
  5626 | D:6      | Found Voff's Magic Scroll Shoppe.
  5774 | D:6      | Found a blossoming altar of Fedhas.
  7389 | D:7      | Learned a level 3 spell: Kindle Blastsparks
  7437 | D:7      | Reached skill level 1 in Fire Magic
  7437 | D:7      | Reached XP level 9. HP: 52/52 MP: 1/19
  7837 | D:7      | HP: 1/52 [orc warrior/+0 dire flail (13)]
  8054 | D:7      | Reached skill level 1 in Conjurations
  8123 | D:7      | Found an ornate altar of the Wu Jian Council.
  8187 | D:7      | Reached skill level 1 in Hexes
  8198 | D:7      | Noticed a hornet
  8203 | D:7      | Killed a hornet
  8343 | D:7      | Reached skill level 7 in Earth Magic
  8632 | D:7      | Found a staircase to the Ecumenical Temple.
  8643 | Temple   | Entered the Ecumenical Temple
  8712 | Temple   | Became a worshipper of Ashenzari the Shackled
  8807 | D:7      | Found a sparkling altar of Nemelex Xobeh.
  8930 | D:8      | Noticed Amaemon
  8930 | D:8      | Noticed an orange demon
  9021 | D:8      | Noticed Maurice
  9036 | D:8      | Killed Maurice
  9037 | D:8      | Reached skill level 5 in Spellcasting
  9530 | D:9      | Noticed a troll
  9953 | D:8      | Found Utoarch's Weapon Emporium.
  9993 | D:8      | Reached XP level 10. HP: 51/58 MP: 14/20
 10000 | D:8      | HP: 2/58 [yak (3)]
 10007 | D:8      | Slain by a yak

Illustrated notes

Levels and vault maps discovered:
D:1:      elethiomel_arrival_quiet, layout_rooms, minmay_curled_crystal,
          st_stairs_2
D:2:      layout_rooms, nrook_mini_backslash, nicolae_elevator_lobby_plus
D:3:      layout_rooms, trog_book, gammafunk_temple_overflow_wave,
          ebering_ecumenical_altar_abandoned
D:4:      layout_basic, mainiacjoe_overflow_tiny_flanked
D:5:      layout_basic, gammafunk_ghost_necromancy, grunt_decor_resistance,
          grunt_decor_arrowhead, grunt_ministairs_11, uniq_edmund
D:6:      layout_layer_cave, mainiacjoe_overflow_cross_hatched, serial_shops,
          shop
D:7:      layout_basic, kennysheep_little_box, nzn_wu_jian_contemplation,
          minmay_temple_entry_fiery
D:8:      layout_cave_pods, serial_shops, shop, nicolae_underground_beach,
          uniq_maurice, uniq_amaemon, uniq_psyche
D:9:      layout_loops_ring, chequers_temple_overflow_statue_of_worship,
          nicolae_overflow_crystal_walls, nicolae_uskayaw_en_pointe,
          minivault_19, hangedman_abyss_or_decor_passed,
          kennysheep_opposing_triangles
Temple:   nicolae_temple_ecumenical_triangle

Skill      XL: |  1  2  3  4  5  6  7  8  9 |
---------------+----------------------------+-----
Transmutations | 1 2 3 |  3.7
Dodging        | 2 3 4 |  4.5
Earth Magic    | 4 5 6 7 |  7.3
Fighting       | 1 2 3 4 |  4.6
Stealth        | 3 4 5 |  5.5
Spellcasting   | 3 4 5 |  5.1
Fire Magic     | 1 3 |  3.8
Conjurations   | 3 |  3.8
Hexes          | 3 |  3.1
Axes           | |  0.5
Translocations | |  0.6

Action                     |  1- 3 |  4- 6 |  7- 9 | 10-12 || total
---------------------------+-------+-------+-------+-------++-------
  Melee: Hand axe          |     8 |     1 |       |       ||     9
         Short sword       |       |     5 |    42 |       ||    47
         Punch             |       |       |     1 |       ||     1
   Cast: Sandblast         |    62 |    79 |   114 |     3 ||   258
         Passwall          |       |     2 |     5 |       ||     7
         Stone Arrow       |       |       |    60 |     1 ||    61
         Petrify           |       |       |     6 |       ||     6
         Kindle Blastspark |       |       |     5 |       ||     5
  Evoke: Wand              |       |     5 |    16 |     1 ||    22
    Use: Scroll            |     6 |     3 |     7 |       ||    16
         Potion            |     2 |     3 |     6 |       ||    11
   Stab: Sleeping          |     1 |       |       |       ||     1
         Petrifying        |       |       |     2 |       ||     2
         Petrified         |       |       |    11 |       ||    11
         Paralysed         |       |       |     1 |       ||     1
 Armour: Robe              |    13 |    18 |    67 |     3 ||   101
  Dodge: Dodged            |    18 |    39 |    96 |     6 ||   159

Table legend: (Time is in decaauts)
 A = Elapsed time spent in this place.
 B = Non-inter-level travel time spent in this place.
 C = Inter-level travel time spent in this place.
 D = Time resting spent in this place.
 E = Time spent auto-exploring this place.
 F = Levels seen in this place.
 G = Mean time per level.
                   A        B        C        D        E       F      G
               +--------+--------+--------+--------+--------+-----+--------+
         Total |  10123 |   9777 |    346 |   1487 |   6717 |  10 | 1012.3 |
       Dungeon |  10041 |   9695 |    346 |   1487 |   6682 |   9 | 1115.7 |
        Temple |     82 |     82 |      0 |      0 |     35 |   1 |   82.0 |
               +--------+--------+--------+--------+--------+-----+--------+

Top non-repeatable levels by time:
     D:4: 1743 daAuts
     D:6: 1719 daAuts
     D:5: 1672 daAuts
     D:7: 1604 daAuts
     D:3: 851 daAuts
     D:1: 828 daAuts
     D:9: 696 daAuts
     D:2: 574 daAuts
     D:8: 349 daAuts
  Temple: 82 daAuts
